 Dungeon Crawl Stone Soup version 0.23.2-30-g0e89c35 (webtiles) character file.

Game seed: 3843108885378508117

4728 Fang the Fighter (level 10, -3/65 HPs)
             Began as a Gargoyle Berserker on June 13, 2019.
             Was a High Priest of Trog.
             Killed from afar by an orc wizard (6 damage)
             ... with a magic dart
             ... on level 9 of the Dungeon.
             The game lasted 00:12:46 (9864 turns).

Fang the Fighter (Gargoyle Berserker)               Turns: 9864, Time: 00:12:47

Health: -3/65      AC: 23    Str: 24    XL:     10   Next: 46%
Magic:  10/10      EV:  9    Int:  8    God:    Trog [*****.]
Gold:   0          SH:  0    Dex:  9    Spells: 9/9 levels left

rFire    + . .     SeeInvis .   a - +0 war axe
rCold    . . .     Gourm    .   (no shield)
rNeg     + . .     Faith    .   b - +0 plate armour
rPois    ∞         Spirit   .   o - +2 hat
rElec    +         Reflect  .   (no cloak)
rCorr    +         Harm     .   (no gloves)
MR       ++...                  (no boots)
Stlth    ..........             (no amulet)
HPRegen  1.20/turn              w - ring of resist corrosion
MPRegen  0.12/turn              d - ring of protection from fire

@: berserk cooldown, regenerating, slowed, very slow
A: negative energy resistance 1, electricity resistance, unbreathing,
petrification resistance, rot immunity, AC +7
a: Berserk, Trog's Hand, Brothers in Arms, Renounce Religion


You were on level 9 of the Dungeon.
You worshipped Trog.
Trog was extremely pleased with you.
You were not hungry.

You visited 2 branches of the dungeon, and saw 10 of its levels.

Inventory:

Hand Weapons
 a - a +0 war axe (weapon)
Armour
 b - a +0 plate armour (worn)
 o - a +2 hat (worn)
Jewellery
 d - a ring of protection from fire (right hand)
 w - a ring of resist corrosion (left hand)
Wands
 j - a wand of flame (34)
 A - a wand of clouds (3)
Scrolls
 e - 2 scrolls of remove curse
 f - 4 scrolls of teleportation {unknown}
 h - 5 scrolls of identify
 k - a scroll of enchant armour {unknown}
 m - a scroll of amnesia {unknown}
 p - a scroll of fog {unknown}
 r - a scroll of vulnerability {unknown}
 t - 2 scrolls of enchant weapon {unknown}
 u - a scroll of blinking {unknown}
 x - a scroll of immolation {unknown}
Potions
 g - 2 potions of curing {unknown}
 i - a potion of mutation {unknown}
 l - a potion of heal wounds {unknown}
 n - 3 potions of invisibility {unknown}
 q - a potion of haste {unknown}
 s - a potion of brilliance {unknown}
 z - a potion of lignification {unknown}
 B - a potion of flight {unknown}
Comestibles
 c - 6 rations
 v - 3 chunks of flesh


   Skills:
 + Level 8.9 Fighting
 + Level 7.4 Axes
 + Level 8.5 Armour
 + Level 6.5 Dodging


You had 9 spell levels left.
You didn't know any spells.
Your spell library was empty.

Dungeon Overview and Level Annotations

Branches:
Dungeon (9/15)             Temple (1/1) D:5            Lair (0/6) D:9
    Orc (0/2) D:9

Altars:
Cheibriados
Dithmenos
Fedhas
Hepliaklqana
Kikubaaqudgha
Makhleb
Nemelex Xobeh
Okawaru
Qazlal
Ru
Sif Muna
Trog
Vehumet
Xom
Yredelemnul
Zin

Annotations:
D:8 Maurice


Innate Abilities, Weirdness & Mutations

You are resistant to torment.
Your stone body is resilient. (AC +7)
You are immune to poison.
You resist negative energy. (rN+)
You are resistant to electric shocks. (rElec)
You can survive without breathing.
You are immune to petrification.
You are immune to rotting.


Message History

The orc wizard blinks!
Items here: )) [ † a +0 hand axe; a cursed -3 mace; a +0 plate armour; an orc corpse You feel a strong urge to attack something.
You are no longer berserk.
You are exhausted.
You feel yourself slow down.
Eat one of 4 chunks of flesh? (ye/n/q)
You eat one of the 4 chunks of flesh.
This raw flesh tastes terrible.
The orc wizard casts a spell.
The orc wizard seems to speed up.
The hungry ghost barely misses you.
Okay, then.
Your skin crawls.
You feel resistant to hostile enchantments.
You feel somewhat more hungry.
The orc wizard hits you but does no damage.
The hungry ghost closely misses you. The orc wizard casts a spell at you.
The magic dart hits you.
You die...

#.# #.#
#.##########.#
#.##.........# .
#.##.#########
..## #.##.# #####
.....##.##.##PPPPP
.......).))#..PPPP
.##.#.o)###P.P...
.......#@W..PPP.>.
#.##.#...#...P...P
# ##.......P..P
####<.....PP
#.....PPP
#o#...PPP
#o#.....P #.#
....P #.# #...#


You could see a hungry ghost and an orc wizard.

Vanquished Creatures
  A two-headed ogre (D:8)
  A komodo dragon (D:9)
  Grinder (D:3)
  A hippogriff (D:7)
  Sigmund (D:2)
  A hungry ghost (D:5)
  A steam dragon (D:7)
  Edmund (D:6)
  3 orc warriors (D:9)
  A sky beast (D:7)
  A necrophage (D:8)
  7 ogres
  3 centaurs
  A phantom (D:8)
  5 bullfrogs
  A gnoll sergeant (D:8)
  A scorpion (D:8)
  A howler monkey (D:5)
  2 crimson imps
  A centaur zombie (D:6)
  A hound (D:4)
  3 jellies
  5 orc priests
  A bullfrog skeleton (D:7)
  4 orc wizards
  An iguana (D:5)
  4 worker ants
  Natasha (D:3)
  Terence (D:3)
  A killer bee zombie (D:6)
  3 hound skeletons
  A worker ant zombie (D:5)
  Robin (D:2)
  5 gnolls (D:8)
  A howler monkey skeleton (D:8)
  12 adders
  2 shadow imps
  2 oozes
  An adder zombie (D:6)
  4 worms
  A dart slug (D:4)
  5 leopard geckos
  34 orcs
  3 ball pythons
  8 bats
  2 giant cockroaches
  16 goblins
  8 hobgoblins
  5 jackals
  8 kobolds
  4 quokkas
  11 frilled lizards
  A quokka skeleton (D:4)
  10 rats
205 creatures vanquished.

Vanquished Creatures (others)
  A giant cockroach (D:7)
  4 plants (D:9)
5 creatures vanquished.

Grand Total: 210 creatures vanquished

Notes
Turn   | Place    | Note
-------+----------+-------------------------------------------
     0 | D:1      | Fang the Gargoyle Berserker began the quest for the Orb.
     0 | D:1      | Reached XP level 1. HP: 14/14 MP: 1/1
    37 | D:1      | Reached XP level 2. HP: 14/19 MP: 2/2
   511 | D:1      | Reached ** piety under Trog
   598 | D:2      | Reached XP level 3. HP: 17/23 MP: 3/3
   610 | D:2      | Noticed Robin
   618 | D:2      | Killed Robin
   684 | D:2      | Reached XP level 4. HP: 21/29 MP: 4/4
  1059 | D:2      | Noticed Sigmund
  1074 | D:2      | Killed Sigmund
  1074 | D:2      | Reached XP level 5. HP: 34/34 MP: 5/5
  1074 | D:2      | Reached XP level 6. HP: 39/39 MP: 6/6
  1305 | D:2      | Found an iron altar of Okawaru.
  1570 | D:3      | Reached *** piety under Trog
  1658 | D:3      | Noticed Natasha
  1672 | D:3      | Killed Natasha
  2191 | D:3      | Noticed Terence
  2220 | D:3      | Killed Terence
  2564 | D:3      | Noticed Grinder
  2564 | D:3      | Paralysed by Grinder for 4 turns
  2578 | D:3      | Killed Grinder
  2578 | D:3      | Reached skill level 5 in Fighting
  2578 | D:3      | Reached XP level 7. HP: 39/44 MP: 7/7
  3191 | D:4      | Reached skill level 5 in Armour
  3359 | D:4      | Reached XP level 8. HP: 25/51 MP: 8/8
  3576 | D:5      | Entered Level 5 of the Dungeon
  3586 | D:5      | Found a staircase to the Ecumenical Temple.
  3609 | D:5      | Reached **** piety under Trog
  3934 | Temple   | Entered the Ecumenical Temple
  4007 | D:5      | Reached skill level 5 in Axes
  4485 | D:5      | Found a glowing silver altar of Zin.
  5341 | D:6      | Found a shadowy altar of Dithmenos.
  5393 | D:6      | Reached XP level 9. HP: 47/56 MP: 9/9
  5397 | D:6      | Noticed Edmund
  5404 | D:6      | Reached skill level 5 in Dodging
  5412 | D:6      | Killed Edmund
  5735 | D:7      | Found a sacrificial altar of Ru.
  5736 | D:7      | Found a sparkling altar of Nemelex Xobeh.
  5753 | D:7      | Reached ***** piety under Trog
  6491 | D:8      | Noticed Maurice
  7069 | D:8      | Reached XP level 10. HP: 24/64 MP: 10/10
  7400 | D:8      | Noticed a two-headed ogre
  7410 | D:8      | Killed a two-headed ogre
  9391 | D:9      | Found a staircase to the Lair.
  9780 | D:9      | Found a staircase to the Orcish Mines.
  9859 | D:9      | HP: 1/97 [orc wizard/magic dart (8)]
  9864 | D:9      | Killed from afar by an orc wizard

Skill      XL: |  1  2  3  4  5  6  7  8  9 10 |
---------------+-------------------------------+-----
Axes           | 3 4 5 6 7 |  7.4
Dodging        | 2 3 4 6 |  6.5
Armour         | 3 4 5 6 7 8 |  8.5
Fighting       | 4 5 6 8 |  8.9

Action                   |  1- 3 |  4- 6 |  7- 9 | 10-12 || total
-------------------------+-------+-------+-------+-------++-------
Melee: Hand axe          |    81 |   197 |   124 |       ||   402
       War axe           |       |       |   356 |    57 ||   413
Invok: Berserk           |     1 |     4 |     5 |     4 ||    14
       Trog's Hand       |       |       |       |     1 ||     1
  Use: Scroll            |       |       |     3 |       ||     3
  Eat: Chunk             |       |    10 |    20 |     7 ||    37
       Ration            |       |       |     2 |     2 ||     4
Armor: Animal skin       |    31 |    64 |   217 |    11 ||   323
       Plate armour      |       |       |       |    11 ||    11
Dodge: Dodged            |    59 |   126 |   397 |    31 ||   613
